 Dungeon Crawl Stone Soup version 0.24.1-14-gf8d2b509d9 (webtiles) character file.

Game seed: 17545461745765998528, levelgen mode: deterministic

357 GimliDwarf the Stinger (level 6, 0/34 HPs)
             Began as a Tengu Venom Mage on May 26, 2023.
             Was an Initiate of Qazlal.
             Killed by nerve-wracking pain
             ... invoked by Grinder
              (14 damage)
             ... while paralysed by Grinder
             ... on level 4 of the Dungeon.
             The game lasted 00:20:56 (4941 turns).

GimliDwarf the Stinger (Tengu Venom Mage)           Turns: 4941, Time: 00:20:57

Health: 0/34       AC:  2    Str:  8    XL:     6   Next: 64%
Magic:  6/11       EV:  2    Int: 17    God:    Qazlal [......]
Gold:   111        SH:  0    Dex: 15    Spells: 1/11 levels left

rFire    . . .     SeeInvis .   b - +3 whip (flame)
rCold    . . .     Gourm    .   (no shield)
rNeg     . . .     Faith    .   a - +0 robe
rPois    +         Spirit   .   (helmet restricted)
rElec    .         Reflect  .   (no cloak)
rCorr    .         Harm     .   (no gloves)
MR       .....                  (boots unavailable)
Stlth    ++........             (no amulet)
HPRegen  0.11/turn              n - ring of poison resistance
MPRegen  0.12/turn              (no ring)

@: paralysed, flying quickly and evasively, quick
A: beak, talons 3, able to fly
a: Stop Flying, Renounce Religion


You were on level 4 of the Dungeon.
You worshipped Qazlal.
Qazlal was noncommittal.
You were not hungry.

You visited 1 branch of the dungeon, and saw 4 of its levels.

You collected 111 gold pieces.

Inventory:

Hand Weapons
 b - a +3 whip of flaming (weapon)
 s - a +2 vampiric short sword
Missiles
 f - 6 boomerangs (quivered)
 l - 29 poisoned darts
Armour
 a - a +0 robe (worn)
Jewellery
 n - a ring of poison resistance (left hand)
Wands
 d - a wand of flame (21)
 o - a wand of random effects (18)
Scrolls
 e - 4 scrolls of remove curse
 g - a scroll of blinking
 r - a scroll of immolation {unknown}
 t - a scroll of fog
 v - a scroll of summoning {unknown}
 w - a scroll of identify
Potions
 h - 3 potions of haste
 i - a potion of magic {unknown}
 j - a potion of lignification {unknown}
 k - a potion of curing {unknown}
 m - a potion of mutation {unknown}
 p - 2 potions of might {unknown}
 q - 2 potions of heal wounds {unknown}
Comestibles
 c - 9 rations
 u - a chunk of flesh


   Skills:
 + Level 1.5 Fighting
 * Level 2.6 Maces & Flails
 - Level 0.6 Throwing
 + Level 2.6 Dodging
 + Level 2.0 Stealth
 + Level 3.3 Spellcasting
 * Level 2.2 Conjurations
 * Level 3.9 Air Magic
 + Level 4.0 Poison Magic


You had one spell level left.
You knew the following spells:

 Your Spells              Type           Power        Failure   Level  Hunger
a - Sting                 Conj/Pois      ##..         4%          1    None
b - Poisonous Vapours     Pois/Air       ###...       4%          2    ##.....
c - Mephitic Cloud        Conj/Pois/Air  ##......     12%         3    ###....
d - Olgreb's Toxic Radia  Pois           ###.....     32%         4    ####...

Your spell library contained the following spells:

 Spells                   Type           Power        Failure   Level  Hunger
 Venom Bolt               Conj/Pois      ##........   78%         5    ######.


Dungeon Overview and Level Annotations

Branches:
Dungeon (4/15)
 Temple: D:4-7

Altars:
Qazlal

Annotations:
D:4 Dowan, Duvessa, Grinder, Pikel


Innate Abilities, Weirdness & Mutations

You have a beak for a mouth.
You have claws for feet.
You can fly continuously.


Message History

The adder looks even sicker.
You kill the adder!
Qazlal accepts your kill.
Evoke which item? (* to show all) (? for menu, Esc to quit)
Aiming: Throw Flame
Press: ? - help, Shift-Dir - straight line, f - Grinder
Aim: Grinder (lightly wounded)
The puff of flame misses Grinder.
You see here 15 arrows.
Throwing (i - inventory. (/) - cycle)
f - 6 boomerangs (quivered)
Press: ? - help, Shift-Dir - straight line, f/p - Grinder
Aim: Grinder (lightly wounded)
You throw a boomerang. The boomerang barely misses Grinder.
Grinder gestures at you.
You suddenly lose the ability to move!
Grinder gestures at you. Pain shoots through your body!
Grinder gestures at you. Pain shoots through your body!
You die...

*
#...<######.######,,,,,,,,,,
* #.#.## #.# *,******,*, *
#,#.# #†# *,* **,*,
*#####.#.##### #.# *,* *,,,,
*#....5#.....# #5# *,* *,,*,
*#.#########.###.##
**,*****,,*, *#.#
#.##...####.#,,,,,,,*, #.#
#....(.....#**,***,**, ##.#
####.@.####.#,****,**, ...#
##.## **,,,,,,,,,, #### #.#
*********** #.# #.#
################.#
..........)).....#
##################


You could see Grinder.

Vanquished Creatures
  An ogre (D:4)
  Jessica (D:3)
  Terence (D:3)
  A worker ant (D:3)
  Robin (D:3)
  4 gnolls (D:2)
  5 adders
  3 worms (D:2)
  5 leopard geckos
  4 orcs (D:4)
  A ball python (D:1)
  4 giant cockroaches
  16 goblins
  11 hobgoblins
  5 quokkas
  6 bats
  3 frilled lizards
  9 kobolds
  10 rats
91 creatures vanquished.

Notes
Turn   | Place    | Note
-------+----------+-------------------------------------------
     0 | D:1      | GimliDwarf the Tengu Venom Mage began the quest for the
                  | Orb.
     0 | D:1      | Reached XP level 1. HP: 10/10 MP: 4/4
   344 | D:1      | Reached XP level 2. HP: 15/15 MP: 3/6
   348 | D:1      | Learned a level 2 spell: Poisonous Vapours
  1344 | D:2      | Reached XP level 3. HP: 19/19 MP: 1/7
  1702 | D:2      | Reached skill level 1 in Maces & Flails
  1766 | D:2      | Reached skill level 1 in Air Magic
  1766 | D:2      | Reached XP level 4. HP: 9/24 MP: 2/8
  2100 | D:2      | Reached skill level 1 in Fighting
  2715 | D:2      | Gained mutation: You can fly continuously. [Tengu growth]
  2715 | D:2      | Reached XP level 5. HP: 29/29 MP: 6/9
  3445 | D:3      | Noticed Jessica
  3462 | D:3      | Learned a level 3 spell: Mephitic Cloud
  3500 | D:3      | Killed Jessica
  3603 | D:3      | Noticed Terence
  3616 | D:3      | Killed Terence
  3720 | D:3      | Found a stormy altar of Qazlal.
  3854 | D:3      | Noticed Robin
  3868 | D:3      | Killed Robin
  3876 | D:3      | Reached XP level 6. HP: 32/34 MP: 3/11
  4381 | D:4      | Noticed Pikel
  4381 | D:4      | Noticed a slave
  4381 | D:4      | Noticed a slave
  4382 | D:4      | Noticed a slave
  4384 | D:4      | Noticed a slave
  4671 | D:4      | Noticed Duvessa
  4671 | D:4      | Noticed Dowan
  4699 | D:3      | Learned a level 4 spell: Olgreb's Toxic Radiance
  4714 | D:4      | Noticed Grinder
  4764 | D:4      | Reached skill level 4 in Poison Magic
  4903 | D:3      | Became a worshipper of Qazlal Stormbringer
  4938 | D:4      | Paralysed by Grinder for 4 turns
  4941 | D:4      | Killed from afar by Grinder

Levels and vault maps discovered:
D:1:      lightli_arrival_noodles, layout_basic
D:2:      minmay_evil_eye, layout_basic, first_ration, skrybe_limestone_x
D:3:      layout_rooms, nicolae_overflow_hidden_temple, minivault_5,
          minmay_fountain_box, uniq_robin, uniq_jessica, uniq_terence
D:4:      layout_loops_ring, uniq_pikel, uniq_grinder, uniq_duvessa,
          uniq_natasha

Skill      XL: |  1  2  3  4  5  6 |
---------------+-------------------+-----
Maces & Flails | 1 2 |  2.6
Air Magic      | 1 2 3 |  3.9
Fighting       | 1 |  1.5
Spellcasting   | 3 |  3.3
Conjurations   | 2 |  2.2
Poison Magic   | 4 |  4.0
Throwing       | |  0.6
Dodging        | |  2.6
Stealth        | |  2.0

Action                   |  1- 3 |  4- 6 || total
-------------------------+-------+-------++-------
Melee: Whip              |    10 |    58 ||    68
       Kick              |       |     6 ||     6
       Peck              |       |     4 ||     4
Throw: Boomerang         |       |    28 ||    28
 Cast: Sting             |    20 |    17 ||    37
       Poisonous Vapours |    19 |    51 ||    70
       Mephitic Cloud    |       |     2 ||     2
       Olgreb's Toxic Ra |       |     2 ||     2
 Abil: Fly               |       |     1 ||     1
Evoke: Wand              |       |     2 ||     2
  Use: Scroll            |     5 |     4 ||     9
 Stab: Sleeping          |     1 |     1 ||     2
  Eat: Ration            |     1 |     2 ||     3
       Chunk             |       |     7 ||     7
Armor: Robe              |     2 |     3 ||     5
Dodge: Dodged            |    17 |    42 ||    59
